Blues vs Capitals
Created - November 21, 2025 at 23:59
Goals
|
| Blues |
3 |
0 |
0 |
3 |
| Capitals |
0 |
1 |
1 |
2 |
|
Shots
|
| Blues |
14 |
7 |
9 |
30 |
| Capitals |
8 |
10 |
11 |
29 |
|
1st period
1. Blues , Tyler Toffoli 3 (Henri Jokiharju 1, Jordan Kyrou 4) at 6:41
2. Blues , Joachim Blichfeld 3 (Rourke Chartier 3, Cody Ceci 3) at 11:43
3. Blues , Wayne Simmonds 2 (Rourke Chartier 4, Seth Jones 5) at 14:27
Penalties :
Zach Bogosian (Was) for Hooking (Minor) at 0:17, Jeremy Lauzon (Stl) for Interference (Minor) at 14:56
2nd period
4. Capitals , Blake Pietila 3 (Alexei Marchenko 3) at 18:21
Penalties :
Ethan Bear (Stl) for High sticking (Minor) at 0:27, Josh Morrissey (Stl) for Interference (Minor) at 4:15, Adam Henrique (Was) for Diving (Minor) at 11:48
3rd period
5. Capitals , Sergey Kalinin 5 (Petter Granberg 1, Bobby Ryan 2) at 10:46
Penalties :
Joe Colborne (Was) for Hooking (Minor) at 0:22
Goalie Stats
Jake Oettinger (Stl), 27 saves from 29 shots - (0.931), W, 1-4-0, 60:00 minutes
Cory Schneider (Was), 27 saves from 30 shots - (0.900), L, 4-2-0, 58:37 minutes
Players Stats for Blues
Player Name G A P +/- PIM S H SB GA TA FO MP PP MP PK MP
------------------------------------------------------------------------------------
Alexander Kerfoot 0 0 0 -1 0 1 1 0 1 0 19/33 19:38 3:08 0:00
Cody Ceci 0 1 1 -1 0 1 2 0 1 2 0/0 22:20 0:00 3:26
Dominik Simon 0 0 0 1 0 1 1 0 0 0 1/1 14:45 2:49 0:58
Ethan Bear 0 0 0 1 2 0 2 0 0 0 0/0 17:32 0:00 0:00
Filip Forsberg 0 0 0 -1 0 5 2 2 0 0 1/2 19:38 3:08 0:00
Henri Jokiharju 0 1 1 -1 0 0 0 3 0 1 0/0 21:32 2:31 2:31
Jeremy Lauzon 0 0 0 1 2 1 0 1 0 1 0/0 16:37 3:26 1:51
Joachim Blichfeld 1 0 1 0 0 2 0 0 0 0 0/0 10:54 0:00 0:00
Jordan Kyrou 0 1 1 1 0 2 1 0 0 0 0/0 14:29 3:08 0:00
Josh Morrissey 0 0 0 1 2 0 2 2 0 0 0/0 19:16 2:31 2:38
Jujhar Khaira 0 0 0 0 0 5 2 0 0 0 0/0 12:53 0:00 1:59
Nikolaj Ehlers 0 0 0 -1 0 1 2 1 2 0 0/1 19:31 2:49 0:00
Pierre Engvall 0 0 0 1 0 0 2 1 0 0 0/1 12:29 0:00 3:20
Rourke Chartier 0 2 2 1 0 0 0 0 0 1 3/3 10:00 0:00 0:59
Seth Jones 0 1 1 1 0 2 2 1 1 0 0/0 22:48 3:26 1:28
Tyler Toffoli 1 0 1 1 0 5 1 0 1 0 9/15 17:29 2:49 2:59
Vincent Trocheck 0 0 0 0 0 2 1 0 0 0 5/7 12:33 0:00 1:39
Wayne Simmonds 1 0 1 1 0 2 2 0 0 0 0/0 9:36 0:00 0:00
Players Stats for Capitals
Player Name G A P +/- PIM S H SB GA TA FO MP PP MP PK MP
------------------------------------------------------------------------------------
Adam Henrique 0 0 0 0 2 2 3 1 0 0 6/13 16:22 2:37 1:11
Alexei Marchenko 0 1 1 0 0 0 1 4 0 1 0/0 24:27 2:30 3:56
Blake Pietila 1 0 1 1 0 3 1 0 2 0 0/0 13:45 0:00 0:47
Bobby Ryan 0 1 1 0 0 0 0 0 0 0 1/2 8:18 0:00 0:00
Brandon Gormley 0 0 0 0 0 0 1 1 0 0 0/0 19:17 2:30 0:25
Cal Clutterbuck 0 0 0 0 0 1 1 0 0 0 0/1 17:34 2:37 1:47
Cody Hodgson 0 0 0 1 0 3 2 0 0 1 3/6 13:32 0:00 0:34
Colten Teubert 0 0 0 0 0 0 1 0 0 0 0/0 10:42 0:00 0:00
Joe Colborne 0 0 0 -2 2 5 0 0 0 0 9/24 19:16 3:20 1:09
Kerby Rychel 0 0 0 0 0 2 0 0 0 0 0/0 8:18 0:00 0:00
Marko Dano 0 0 0 0 0 1 0 0 0 0 0/0 14:39 2:37 0:00
Nicolas Aube-Kubel 0 0 0 1 0 2 1 0 1 1 0/1 12:58 0:00 0:00
Petter Granberg 0 1 1 0 0 1 0 0 0 0 0/0 13:41 0:00 2:29
Sergey Kalinin 1 0 1 0 0 2 1 0 0 0 4/11 11:21 0:00 3:03
Shea Theodore 0 0 0 -1 0 3 2 5 0 1 0/0 27:27 3:27 3:28
Taylor Hall 0 0 0 -2 0 2 1 1 0 0 0/2 20:58 3:20 3:23
Timo Meier 0 0 0 -2 0 1 1 0 2 0 2/3 17:00 3:20 0:00
Zach Bogosian 0 0 0 -1 2 1 1 2 0 2 0/0 24:25 3:27 1:36
3 Stars
1 - Wayne Simmonds (Stl)
2 - Tyler Toffoli (Stl)
3 - Rourke Chartier (Stl)
Power Play
Blues - 0 on 3 Attempt(s) - 0.00%
Capitals - 0 on 3 Attempt(s) - 0.00%
Penalty Kill
Blues - 3 on 3 Attempt(s) - 100.00%
- Score 0 goal in Penalty Kill
Capitals - 3 on 3 Attempt(s) - 100.00%
- Score 0 goal in Penalty Kill
Team Stat
Blues - Hits : 23 - Faceoff Wins : 38 - Blocked Shots : 11 - Penalty Minutes : 6
Capitals - Hits : 17 - Faceoff Wins : 25 - Blocked Shots : 14 - Penalty Minutes : 6
Official
Referees : TJ Luxmore and Chris Lee
Linesman : Kory Nagy and Trent Knorr
Game Notes
No Game Note
Finance
Level 1 -- Attendance: 6000 (100.00%) -- Ticket Income $600,000
Level 2 -- Attendance: 4822 (96.44%) -- Ticket Income $337,540
Level 3 -- Attendance: 1790 (89.50%) -- Ticket Income $71,600
Level 4 -- Attendance: 3567 (89.18%) -- Ticket Income $107,010
Luxury Box -- Attendance: 936 (93.60%) -- Ticket Income $187,200
Game was played at the Capital One Arena.
Total Attendance: 17115 (95.08%)
Total Ticket Income: $1,303,350
Other Income: $195,502
Total Income: $1,498,852
Blues
5 vs 5 Forward
Center Left Wing Right Wing Time % Phy DF OF
1 Alexander Kerfoot Filip Forsberg Nikolaj Ehlers 40 0 2 3
2 Tyler Toffoli Dominik Simon Jordan Kyrou 30 0 2 3
3 Vincent Trocheck Jujhar Khaira Joachim Blichfeld 20 1 2 2
4 Rourke Chartier Pierre Engvall Wayne Simmonds 10 0 3 2
5 vs 5 Defense
Defense Defense Time % Phy DF OF
1 Seth Jones Ethan Bear 40 1 2 2
2 Henri Jokiharju Cody Ceci 30 1 2 2
3 Josh Morrissey Jeremy Lauzon 20 1 2 2
4 Josh Morrissey Cody Ceci 10 1 2 2
PowerPlay Forward
Center Left Wing Right Wing Time % Phy DF OF
1 Alexander Kerfoot Filip Forsberg Jordan Kyrou 60 0 2 3
2 Tyler Toffoli Dominik Simon Nikolaj Ehlers 40 0 2 3
PowerPlay Defense
Defense Defense Time % Phy DF OF
1 Seth Jones Jeremy Lauzon 60 0 2 3
2 Henri Jokiharju Josh Morrissey 40 0 2 3
Penalty Kill 4 Players Forward
Center Wing Time % Phy DF OF
1 Tyler Toffoli Pierre Engvall 60 1 3 1
2 Vincent Trocheck Jujhar Khaira 40 1 3 1
Penalty Kill 4 Players Defense
Defense Defense Time % Phy DF OF
1 Cody Ceci Josh Morrissey 60 1 2 2
2 Jeremy Lauzon Henri Jokiharju 40 1 2 2
Penalty Kill - 3 Players Forward
Forward Time % Phy DF OF
1 Pierre Engvall 60 1 2 2
2 Tyler Toffoli 40 1 2 2
Penalty Kill - 3 Players Defense
Defense Defense Time % Phy DF OF
1 Cody Ceci Henri Jokiharju 60 1 2 2
2 Jeremy Lauzon Josh Morrissey 40 1 2 2
4 vs 4 Forward
Center Wing Time % Phy DF OF
1 Alexander Kerfoot Filip Forsberg 60 1 2 2
2 Tyler Toffoli Nikolaj Ehlers 40 1 2 2
4 vs 4 Defense
Defense Defense Time % Phy DF OF
1 Seth Jones Ethan Bear 60 1 2 2
2 Cody Ceci Henri Jokiharju 40 1 2 2
Last Minutes Offensive
Center Left Wing Right Wing Defense Defense
Alexander Kerfoot Filip Forsberg Nikolaj Ehlers Seth Jones Jeremy Lauzon
Last Minutes Defensive
Center Left Wing Right Wing Defense Defense
Tyler Toffoli Jujhar Khaira Wayne Simmonds Seth Jones Cody Ceci
Goaltenders
Starting : Jake Oettinger
Backup : Laurent Brossoit
Extra Forwards
Normal : Jordan Kyrou, Nikolaj Ehlers, Alexander Kerfoot - PP : Rourke Chartier, Joachim Blichfeld - PK : Jujhar Khaira
Extra Defensemen
Normal : Cody Ceci, Josh Morrissey, Seth Jones - PP : Cody Ceci - PK : Seth Jones, Josh Morrissey
Penalty Shots
Jordan Kyrou, Rourke Chartier, Filip Forsberg, Joachim Blichfeld, Vincent Trocheck
Custom OT Lines Forwards
Filip Forsberg, Alexander Kerfoot, Wayne Simmonds, Nikolaj Ehlers, Tyler Toffoli, Jordan Kyrou, Vincent Trocheck, Jujhar Khaira, Joachim Blichfeld, Dominik Simon
Custom OT Lines Defensemen
Seth Jones, Henri Jokiharju, Josh Morrissey, Ethan Bear, Cody Ceci
Scratches
Andrew Shaw (Healthy), David Perron (Healthy), Drew Shore (Healthy), Travis Sanheim (Torn Left MCL Injury)
Capitals
5 vs 5 Forward
Center Left Wing Right Wing Time % Phy DF OF
1 Joe Colborne Taylor Hall Timo Meier 35 0 1 4
2 Adam Henrique Marko Dano Cal Clutterbuck 30 0 1 4
3 Cody Hodgson Blake Pietila Nicolas Aube-Kubel 23 0 1 4
4 Sergey Kalinin Kerby Rychel Bobby Ryan 12 0 2 3
5 vs 5 Defense
Defense Defense Time % Phy DF OF
1 Zach Bogosian Shea Theodore 40 0 3 2
2 Brandon Gormley Alexei Marchenko 30 0 3 2
3 Colten Teubert Petter Granberg 20 0 3 2
4 Shea Theodore Alexei Marchenko 10 0 4 1
PowerPlay Forward
Center Left Wing Right Wing Time % Phy DF OF
1 Joe Colborne Taylor Hall Timo Meier 60 0 0 5
2 Adam Henrique Marko Dano Cal Clutterbuck 40 0 0 5
PowerPlay Defense
Defense Defense Time % Phy DF OF
1 Shea Theodore Zach Bogosian 60 0 2 3
2 Alexei Marchenko Brandon Gormley 40 0 2 3
Penalty Kill 4 Players Forward
Center Wing Time % Phy DF OF
1 Sergey Kalinin Taylor Hall 60 0 4 1
2 Joe Colborne Cal Clutterbuck 40 0 4 1
Penalty Kill 4 Players Defense
Defense Defense Time % Phy DF OF
1 Shea Theodore Alexei Marchenko 60 0 4 1
2 Petter Granberg Zach Bogosian 40 0 4 1
Penalty Kill - 3 Players Forward
Forward Time % Phy DF OF
1 Joe Colborne 60 0 5 0
2 Sergey Kalinin 40 0 5 0
Penalty Kill - 3 Players Defense
Defense Defense Time % Phy DF OF
1 Shea Theodore Alexei Marchenko 60 0 5 0
2 Zach Bogosian Petter Granberg 40 0 5 0
4 vs 4 Forward
Center Wing Time % Phy DF OF
1 Joe Colborne Taylor Hall 60 0 1 4
2 Adam Henrique Marko Dano 40 0 1 4
4 vs 4 Defense
Defense Defense Time % Phy DF OF
1 Shea Theodore Alexei Marchenko 60 0 3 2
2 Zach Bogosian Brandon Gormley 40 0 3 2
Last Minutes Offensive
Center Left Wing Right Wing Defense Defense
Joe Colborne Taylor Hall Cal Clutterbuck Shea Theodore Zach Bogosian
Last Minutes Defensive
Center Left Wing Right Wing Defense Defense
Sergey Kalinin Taylor Hall Cal Clutterbuck Alexei Marchenko Shea Theodore
Goaltenders
Starting : Cory Schneider
Backup : Ondrej Pavelec
Extra Forwards
Normal : Taylor Hall, Marko Dano, Timo Meier - PP : Taylor Hall, Marko Dano - PK : Taylor Hall
Extra Defensemen
Normal : Zach Bogosian, Shea Theodore, Alexei Marchenko - PP : Shea Theodore - PK : Alexei Marchenko, Shea Theodore
Penalty Shots
Taylor Hall, Timo Meier, Marko Dano, Blake Pietila, Joe Colborne
Custom OT Lines Forwards
Taylor Hall, Timo Meier, Marko Dano, Blake Pietila, Adam Henrique, Joe Colborne, Cal Clutterbuck, Cody Hodgson, Bobby Ryan, Nicolas Aube-Kubel
Custom OT Lines Defensemen
Zach Bogosian, Shea Theodore, Alexei Marchenko, Brandon Gormley, Petter Granberg
Scratches
Brandon Burlon (Healthy)
% Time on Ice - Blues
Lines # - Real PCT - Wanted PCT - Time Play
Normal Forward
1 - 35% - 40% - 16:38
2 - 23% - 30% - 10:58
3 - 23% - 20% - 10:54
4 - 19% - 10% - 9:01
Normal Defense
1 - 36% - 40% - 17:19
2 - 35% - 30% - 16:30
3 - 24% - 20% - 11:20
4 - 5% - 10% - 2:22
PP Forward
1 - 53% - 60% - 3:08
2 - 47% - 40% - 2:49
PP Defense
1 - 58% - 60% - 3:26
2 - 42% - 40% - 2:31
PK Forward
1 - 72% - 60% - 4:18
2 - 28% - 40% - 1:39
PK Defense
1 - 58% - 60% - 3:26
2 - 42% - 40% - 2:31
PK3 Forward
1 - 0% - 60%
2 - 0% - 40%
PK3 Defense
1 - 0% - 60%
2 - 0% - 40%
44 Forward
1 - 0% - 60%
2 - 0% - 40%
44 Defense
1 - 0% - 60%
2 - 0% - 40%
Last Minute Offensive - 0:00
Last Minute Defensive - 0:35
Total
Forward - 60:00
Defense - 60:00
|
% Time on Ice - Capitals
Lines # - Real PCT - Wanted PCT - Time Play
Normal Forward
1 - 29% - 35% - 13:40
2 - 26% - 30% - 12:35
3 - 27% - 23% - 12:58
4 - 17% - 12% - 8:18
Normal Defense
1 - 39% - 40% - 18:31
2 - 35% - 30% - 16:52
3 - 23% - 20% - 10:42
4 - 3% - 10% - 1:26
PP Forward
1 - 56% - 60% - 3:20
2 - 44% - 40% - 2:37
PP Defense
1 - 58% - 60% - 3:27
2 - 42% - 40% - 2:30
PK Forward
1 - 70% - 60% - 4:10
2 - 30% - 40% - 1:47
PK Defense
1 - 58% - 60% - 3:28
2 - 42% - 40% - 2:29
PK3 Forward
1 - 0% - 60%
2 - 0% - 40%
PK3 Defense
1 - 0% - 60%
2 - 0% - 40%
44 Forward
1 - 0% - 60%
2 - 0% - 40%
44 Defense
1 - 0% - 60%
2 - 0% - 40%
Last Minute Offensive - 0:35
Last Minute Defensive - 0:00
Total
Forward - 60:00
Defense - 60:00
|
Play-by-Play
1st period
0:01 of 1st period - Alexander Kerfoot wins face-off versus Joe Colborne in neutral zone.
0:17 of 1st period - Minor Penalty to Zach Bogosian for Hooking.
0:18 of 1st period - Alexander Kerfoot wins face-off versus Sergey Kalinin in Capitals zone.
0:31 of 1st period - Snap shot by Filip Forsberg.
0:31 of 1st period - Shot Blocked by Alexei Marchenko.
0:33 of 1st period - Wrist shot by Filip Forsberg.
0:33 of 1st period - Stopped by Cory Schneider with a rebound.
0:35 of 1st period - Snap shot by Jeremy Lauzon.
0:35 of 1st period - Stopped by Cory Schneider without a rebound.
0:36 of 1st period - Tyler Toffoli wins face-off versus Joe Colborne in Capitals zone.
1:03 of 1st period - Cal Clutterbuck is hit by Filip Forsberg.
2:10 of 1st period - Jeremy Lauzon is hit by Blake Pietila and loses puck.
2:17 of 1st period - Penalty to Zach Bogosian is over, Zach Bogosian is back on ice.
2:29 of 1st period - Slapshot by Joachim Blichfeld.
2:29 of 1st period - Stopped by Cory Schneider without a rebound.
2:30 of 1st period - Vincent Trocheck wins face-off versus Cal Clutterbuck in Capitals zone.
2:39 of 1st period - Slapshot by Seth Jones.
2:39 of 1st period - Deflect By Joachim Blichfeld.
2:39 of 1st period - Shot Misses the Net.
2:39 of 1st period - Puck is out of play.
2:40 of 1st period - Vincent Trocheck wins face-off versus Adam Henrique in Capitals zone.
2:46 of 1st period - Wrist shot by Jujhar Khaira.
2:46 of 1st period - Shot Misses the Net.
2:48 of 1st period - Snap shot by Cody Ceci.
2:48 of 1st period - Deflect By Jujhar Khaira.
2:48 of 1st period - Stopped by Cory Schneider with a rebound.
2:50 of 1st period - Snap shot by Jujhar Khaira.
2:50 of 1st period - Shot Misses the Net.
2:54 of 1st period - Wrist shot by Jujhar Khaira.
2:54 of 1st period - Stopped by Cory Schneider with a rebound.
3:04 of 1st period - Slapshot by Seth Jones.
3:04 of 1st period - Stopped by Cory Schneider with a rebound.
3:06 of 1st period - Slapshot by Ethan Bear.
3:06 of 1st period - Shot Hit the Post.
3:08 of 1st period - Wrist shot by Vincent Trocheck.
3:08 of 1st period - Stopped by Cory Schneider without a rebound.
3:09 of 1st period - Joe Colborne wins face-off versus Alexander Kerfoot in Capitals zone.
3:25 of 1st period - Slapshot by Taylor Hall.
3:25 of 1st period - Stopped by Jake Oettinger with a rebound.
4:21 of 1st period - Snap shot by Taylor Hall.
4:21 of 1st period - Shot Blocked by Seth Jones.
4:39 of 1st period - Snap shot by Wayne Simmonds.
4:39 of 1st period - Stopped by Cory Schneider without a rebound.
4:40 of 1st period - Alexander Kerfoot wins face-off versus Cody Hodgson in Capitals zone.
5:07 of 1st period - Taylor Hall is hit by Tyler Toffoli and loses puck.
5:16 of 1st period - Wrist shot by Taylor Hall.
5:16 of 1st period - Shot Blocked by Jeremy Lauzon.
5:18 of 1st period - Wrist shot by Timo Meier.
5:18 of 1st period - Stopped by Jake Oettinger without a rebound.
5:19 of 1st period - Sergey Kalinin wins face-off versus Alexander Kerfoot in Blues zone.
5:36 of 1st period - Henri Jokiharju is hit by Sergey Kalinin.
6:13 of 1st period - Jordan Kyrou is hit by Timo Meier and loses puck.
6:35 of 1st period - Snap shot by Jordan Kyrou.
6:35 of 1st period - Stopped by Cory Schneider with a rebound.
6:39 of 1st period - Slapshot by Tyler Toffoli.
6:39 of 1st period - Stopped by Cory Schneider with a rebound.
6:41 of 1st period - Wrist shot by Tyler Toffoli.
6:41 of 1st period - Goal by Tyler Toffoli - Blues : 1 - Capitals : 0.
6:42 of 1st period - Adam Henrique wins face-off versus Alexander Kerfoot in neutral zone.
7:17 of 1st period - Slapshot by Shea Theodore.
7:17 of 1st period - Shot Blocked by Josh Morrissey.
7:19 of 1st period - Snap shot by Shea Theodore.
7:19 of 1st period - Deflect By Cody Hodgson.
7:19 of 1st period - Stopped by Jake Oettinger without a rebound.
7:20 of 1st period - Dominik Simon wins face-off versus Bobby Ryan in Blues zone.
8:11 of 1st period - Slapshot by Zach Bogosian.
8:11 of 1st period - Deflect By Seth Jones.
8:11 of 1st period - Stopped by Jake Oettinger without a rebound.
8:12 of 1st period - Vincent Trocheck wins face-off versus Nicolas Aube-Kubel in Blues zone.
8:21 of 1st period - Snap shot by Nicolas Aube-Kubel.
8:21 of 1st period - Shot Misses the Net.
8:25 of 1st period - Wrist shot by Nicolas Aube-Kubel.
8:25 of 1st period - Stopped by Jake Oettinger without a rebound.
8:26 of 1st period - Adam Henrique wins face-off versus Filip Forsberg in Blues zone.
8:29 of 1st period - Snap shot by Adam Henrique.
8:29 of 1st period - Stopped by Jake Oettinger with a rebound.
8:34 of 1st period - Off-side.
8:35 of 1st period - Alexander Kerfoot wins face-off versus Adam Henrique in neutral zone.
8:42 of 1st period - Wrist shot by Filip Forsberg.
8:42 of 1st period - Stopped by Cory Schneider without a rebound.
8:43 of 1st period - Alexander Kerfoot wins face-off versus Joe Colborne in Capitals zone.
8:47 of 1st period - Icing by Taylor Hall.
8:48 of 1st period - Alexander Kerfoot wins face-off versus Joe Colborne in Capitals zone.
8:55 of 1st period - Wrist shot by Alexander Kerfoot.
8:55 of 1st period - Shot Blocked by Shea Theodore.
8:57 of 1st period - Slapshot by Alexander Kerfoot.
8:57 of 1st period - Deflect By Nikolaj Ehlers.
8:57 of 1st period - Shot Blocked by Taylor Hall.
8:57 of 1st period - Puck is out of play.
8:58 of 1st period - Joe Colborne wins face-off versus Alexander Kerfoot in Capitals zone.
8:58 of 1st period - Joe Colborne is hit by Filip Forsberg.
9:10 of 1st period - Wrist shot by Joe Colborne.
9:10 of 1st period - Shot Misses the Net.
9:12 of 1st period - Wrist shot by Timo Meier.
9:12 of 1st period - Shot Blocked by Filip Forsberg.
9:14 of 1st period - Snap shot by Taylor Hall.
9:14 of 1st period - Shot Blocked by Henri Jokiharju.
9:24 of 1st period - Cal Clutterbuck is hit by Cody Ceci and loses puck.
10:14 of 1st period - Snap shot by Vincent Trocheck.
10:14 of 1st period - Shot Blocked by Alexei Marchenko.
10:37 of 1st period - Zach Bogosian is hit by Ethan Bear and loses puck.
10:46 of 1st period - Snap shot by Filip Forsberg.
10:46 of 1st period - Shot Misses the Net.
11:04 of 1st period - Snap shot by Nicolas Aube-Kubel.
11:04 of 1st period - Stopped by Jake Oettinger with a rebound.
11:06 of 1st period - Slapshot by Shea Theodore.
11:06 of 1st period - Shot Misses the Net.
11:18 of 1st period - Kerby Rychel is hit by Pierre Engvall and loses puck.
11:25 of 1st period - Wrist shot by Rourke Chartier.
11:25 of 1st period - Shot Misses the Net.
11:43 of 1st period - Snap shot by Joachim Blichfeld.
11:43 of 1st period - Goal by Joachim Blichfeld - Blues : 2 - Capitals : 0.
11:44 of 1st period - Alexander Kerfoot wins face-off versus Adam Henrique in neutral zone.
12:11 of 1st period - Timo Meier is hit by Jordan Kyrou and loses puck.
12:39 of 1st period - Icing by Shea Theodore.
12:40 of 1st period - Cody Hodgson wins face-off versus Alexander Kerfoot in Capitals zone.
12:47 of 1st period - Alexander Kerfoot is hit by Alexei Marchenko and loses puck.
12:54 of 1st period - Slapshot by Nicolas Aube-Kubel.
12:54 of 1st period - Deflect By Cody Hodgson.
12:54 of 1st period - Shot Misses the Net.
12:54 of 1st period - Puck is out of play.
12:55 of 1st period - Tyler Toffoli wins face-off versus Joe Colborne in Blues zone.
13:21 of 1st period - Colten Teubert is hit by Nikolaj Ehlers and loses puck.
13:42 of 1st period - Snap shot by Cody Hodgson.
13:42 of 1st period - Shot Misses the Net.
13:50 of 1st period - Petter Granberg is hit by Jujhar Khaira and loses puck.
14:05 of 1st period - Slapshot by Kerby Rychel.
14:05 of 1st period - Stopped by Jake Oettinger without a rebound.
14:06 of 1st period - Rourke Chartier wins face-off versus Sergey Kalinin in Blues zone.
14:27 of 1st period - Wrist shot by Wayne Simmonds.
14:27 of 1st period - Goal by Wayne Simmonds - Blues : 3 - Capitals : 0.
14:28 of 1st period - Timo Meier wins face-off versus Alexander Kerfoot in neutral zone.
14:56 of 1st period - Minor Penalty to Jeremy Lauzon for Interference.
14:57 of 1st period - Joe Colborne wins face-off versus Tyler Toffoli in Blues zone.
15:04 of 1st period - Snap shot by Taylor Hall.
15:04 of 1st period - Shot Misses the Net.
15:06 of 1st period - Snap shot by Timo Meier.
15:06 of 1st period - Shot Blocked by Pierre Engvall.
15:08 of 1st period - Wrist shot by Joe Colborne.
15:08 of 1st period - Shot Misses the Net.
15:51 of 1st period - Henri Jokiharju is hit by Adam Henrique and loses puck.
16:56 of 1st period - Penalty to Jeremy Lauzon is over, Jeremy Lauzon is back on ice.
17:34 of 1st period - Bobby Ryan is hit by Dominik Simon.
17:44 of 1st period - Petter Granberg is hit by Cody Ceci and loses puck.
17:53 of 1st period - Joachim Blichfeld is hit by Shea Theodore and loses puck.
18:22 of 1st period - Shea Theodore is hit by Ethan Bear and loses puck.
18:32 of 1st period - Icing by Alexander Kerfoot.
18:33 of 1st period - Alexander Kerfoot wins face-off versus Joe Colborne in Blues zone.
19:45 of 1st period - Slapshot by Sergey Kalinin.
19:45 of 1st period - Deflect By Ethan Bear.
19:45 of 1st period - Shot Misses the Net.
19:45 of 1st period - Puck is out of play.
19:46 of 1st period - Rourke Chartier wins face-off versus Sergey Kalinin in Blues zone.
19:55 of 1st period - Bobby Ryan is hit by Wayne Simmonds and loses puck.
Goals for this period are 3 for Blues vs 0 for Capitals.
Shots for this period are 14 for Blues vs 8 for Capitals.
2nd period
0:01 of 2nd period - Alexander Kerfoot wins face-off versus Joe Colborne in neutral zone.
0:27 of 2nd period - Minor Penalty to Ethan Bear for High sticking.
0:28 of 2nd period - Timo Meier wins face-off versus Pierre Engvall in Blues zone.
1:41 of 2nd period - Cal Clutterbuck is hit by Vincent Trocheck and loses puck.
2:27 of 2nd period - Penalty to Ethan Bear is over, Ethan Bear is back on ice.
2:44 of 2nd period - Slapshot by Filip Forsberg.
2:44 of 2nd period - Stopped by Cory Schneider with a rebound.
3:00 of 2nd period - Wrist shot by Kerby Rychel.
3:00 of 2nd period - Stopped by Jake Oettinger without a rebound.
3:01 of 2nd period - Cody Hodgson wins face-off versus Nikolaj Ehlers in Blues zone.
3:26 of 2nd period - Dominik Simon is hit by Shea Theodore and loses puck.
4:15 of 2nd period - Minor Penalty to Josh Morrissey for Interference.
4:16 of 2nd period - Tyler Toffoli wins face-off versus Joe Colborne in Blues zone.
4:16 of 2nd period - Tyler Toffoli is hit by Zach Bogosian.
4:22 of 2nd period - Joe Colborne is hit by Pierre Engvall and loses puck.
4:43 of 2nd period - Cal Clutterbuck is hit by Jujhar Khaira and loses puck.
4:48 of 2nd period - Wrist shot by Jujhar Khaira.
4:48 of 2nd period - Stopped by Cory Schneider with a rebound.
4:50 of 2nd period - Slapshot by Henri Jokiharju.
4:50 of 2nd period - Deflect By Jujhar Khaira.
4:50 of 2nd period - Shot Blocked by Zach Bogosian.
4:50 of 2nd period - Puck is out of play.
4:51 of 2nd period - Tyler Toffoli wins face-off versus Taylor Hall in Capitals zone.
6:15 of 2nd period - Penalty to Josh Morrissey is over, Josh Morrissey is back on ice.
6:35 of 2nd period - Cody Hodgson is hit by Josh Morrissey and loses puck.
7:51 of 2nd period - Icing by Rourke Chartier.
7:52 of 2nd period - Rourke Chartier wins face-off versus Sergey Kalinin in Blues zone.
9:11 of 2nd period - Wrist shot by Jeremy Lauzon.
9:11 of 2nd period - Shot Blocked by Shea Theodore.
9:13 of 2nd period - Wrist shot by Wayne Simmonds.
9:13 of 2nd period - Shot Blocked by Zach Bogosian.
9:15 of 2nd period - Slapshot by Jeremy Lauzon.
9:15 of 2nd period - Deflect By Rourke Chartier.
9:15 of 2nd period - Shot Misses the Net.
9:15 of 2nd period - Puck is out of play.
9:16 of 2nd period - Alexander Kerfoot wins face-off versus Adam Henrique in Capitals zone.
9:53 of 2nd period - Wrist shot by Blake Pietila.
9:53 of 2nd period - Stopped by Jake Oettinger without a rebound.
9:54 of 2nd period - Adam Henrique wins face-off versus Alexander Kerfoot in Blues zone.
9:57 of 2nd period - Snap shot by Cal Clutterbuck.
9:57 of 2nd period - Shot Blocked by Filip Forsberg.
10:05 of 2nd period - Snap shot by Filip Forsberg.
10:05 of 2nd period - Deflect By Adam Henrique.
10:05 of 2nd period - Shot Misses the Net.
10:05 of 2nd period - Puck is out of play.
10:06 of 2nd period - Adam Henrique wins face-off versus Alexander Kerfoot in Capitals zone.
10:22 of 2nd period - Snap shot by Adam Henrique.
10:22 of 2nd period - Stopped by Jake Oettinger with a rebound.
10:36 of 2nd period - Snap shot by Tyler Toffoli.
10:36 of 2nd period - Stopped by Cory Schneider with a rebound.
10:38 of 2nd period - Snap shot by Dominik Simon.
10:38 of 2nd period - Stopped by Cory Schneider without a rebound.
10:39 of 2nd period - Tyler Toffoli wins face-off versus Joe Colborne in Capitals zone.
10:50 of 2nd period - Backhand shot by Joe Colborne.
10:50 of 2nd period - Stopped by Jake Oettinger with a rebound.
10:52 of 2nd period - Wrist shot by Joe Colborne.
10:52 of 2nd period - Shot Misses the Net.
10:54 of 2nd period - Slapshot by Shea Theodore.
10:54 of 2nd period - Stopped by Jake Oettinger without a rebound.
10:55 of 2nd period - Adam Henrique wins face-off versus Alexander Kerfoot in Blues zone.
11:00 of 2nd period - Slapshot by Cal Clutterbuck.
11:00 of 2nd period - Stopped by Jake Oettinger with a rebound.
11:02 of 2nd period - Slapshot by Adam Henrique.
11:02 of 2nd period - Shot Misses the Net.
11:12 of 2nd period - Snap shot by Adam Henrique.
11:12 of 2nd period - Shot Blocked by Henri Jokiharju.
11:28 of 2nd period - Slapshot by Cody Ceci.
11:28 of 2nd period - Deflect By Jordan Kyrou.
11:28 of 2nd period - Shot Blocked by Shea Theodore.
11:28 of 2nd period - Puck is out of play.
11:29 of 2nd period - Joe Colborne wins face-off versus Tyler Toffoli in Capitals zone.
11:42 of 2nd period - Wrist shot by Jordan Kyrou.
11:42 of 2nd period - Stopped by Cory Schneider without a rebound.
11:43 of 2nd period - Filip Forsberg wins face-off versus Adam Henrique in Capitals zone.
11:46 of 2nd period - Slapshot by Alexander Kerfoot.
11:46 of 2nd period - Shot Misses the Net.
11:48 of 2nd period - Minor Penalty to Adam Henrique for Diving.
11:49 of 2nd period - Alexander Kerfoot wins face-off versus Taylor Hall in Capitals zone.
11:58 of 2nd period - Snap shot by Jordan Kyrou.
11:58 of 2nd period - Shot Hit the Post.
12:00 of 2nd period - Slapshot by Seth Jones.
12:00 of 2nd period - Stopped by Cory Schneider without a rebound.
12:01 of 2nd period - Sergey Kalinin wins face-off versus Alexander Kerfoot in Capitals zone.
13:48 of 2nd period - Penalty to Adam Henrique is over, Adam Henrique is back on ice.
13:49 of 2nd period - Nikolaj Ehlers is hit by Adam Henrique and loses puck.
14:07 of 2nd period - Alexei Marchenko is hit by Wayne Simmonds and loses puck.
14:26 of 2nd period - Alexei Marchenko is hit by Josh Morrissey and loses puck.
14:51 of 2nd period - Ethan Bear is hit by Colten Teubert and loses puck.
15:16 of 2nd period - Jordan Kyrou is hit by Adam Henrique and loses puck.
16:37 of 2nd period - Rourke Chartier is hit by Taylor Hall and loses puck.
16:54 of 2nd period - Icing by Petter Granberg.
16:55 of 2nd period - Bobby Ryan wins face-off versus Vincent Trocheck in Capitals zone.
17:05 of 2nd period - Icing by Bobby Ryan.
17:06 of 2nd period - Sergey Kalinin wins face-off versus Alexander Kerfoot in Capitals zone.
17:17 of 2nd period - Wrist shot by Bobby Ryan.
17:17 of 2nd period - Shot Blocked by Henri Jokiharju.
17:19 of 2nd period - Slapshot by Sergey Kalinin.
17:19 of 2nd period - Stopped by Jake Oettinger without a rebound.
17:20 of 2nd period - Alexander Kerfoot wins face-off versus Joe Colborne in Blues zone.
18:12 of 2nd period - Vincent Trocheck is hit by Cody Hodgson and loses puck.
18:21 of 2nd period - Wrist shot by Blake Pietila.
18:21 of 2nd period - Goal by Blake Pietila - Blues : 3 - Capitals : 1.
18:22 of 2nd period - Joe Colborne wins face-off versus Alexander Kerfoot in neutral zone.
18:25 of 2nd period - Slapshot by Zach Bogosian.
18:25 of 2nd period - Shot Blocked by Nikolaj Ehlers.
18:27 of 2nd period - Snap shot by Joe Colborne.
18:27 of 2nd period - Stopped by Jake Oettinger with a rebound.
18:33 of 2nd period - Wrist shot by Timo Meier.
18:33 of 2nd period - Shot Misses the Net.
18:35 of 2nd period - Slapshot by Shea Theodore.
18:35 of 2nd period - Stopped by Jake Oettinger without a rebound.
18:36 of 2nd period - Alexander Kerfoot wins face-off versus Joe Colborne in Blues zone.
18:43 of 2nd period - Slapshot by Filip Forsberg.
18:43 of 2nd period - Shot Misses the Net.
19:53 of 2nd period - Wrist shot by Dominik Simon.
19:53 of 2nd period - Deflect By Joachim Blichfeld.
19:53 of 2nd period - Shot Misses the Net.
19:53 of 2nd period - Puck is out of play.
19:54 of 2nd period - Vincent Trocheck wins face-off versus Sergey Kalinin in Capitals zone.
19:55 of 2nd period - Slapshot by Seth Jones.
19:55 of 2nd period - Deflect By Jujhar Khaira.
19:55 of 2nd period - Stopped by Cory Schneider with a rebound.
Goals for this period are 0 for Blues vs 1 for Capitals.
Shots for this period are 7 for Blues vs 10 for Capitals.
3rd period
0:01 of 3rd period - Alexander Kerfoot wins face-off versus Timo Meier in neutral zone.
0:16 of 3rd period - Snap shot by Alexander Kerfoot.
0:16 of 3rd period - Stopped by Cory Schneider with a rebound.
0:22 of 3rd period - Minor Penalty to Joe Colborne for Hooking.
0:23 of 3rd period - Alexander Kerfoot wins face-off versus Sergey Kalinin in Capitals zone.
0:38 of 3rd period - Snap shot by Jeremy Lauzon.
0:38 of 3rd period - Shot Blocked by Shea Theodore.
0:40 of 3rd period - Backhand shot by Seth Jones.
0:40 of 3rd period - Shot Blocked by Alexei Marchenko.
0:54 of 3rd period - Slapshot by Seth Jones.
0:54 of 3rd period - Shot Blocked by Adam Henrique.
0:56 of 3rd period - Snap shot by Jeremy Lauzon.
0:56 of 3rd period - Deflect By Nikolaj Ehlers.
0:56 of 3rd period - Shot Blocked by Shea Theodore.
0:56 of 3rd period - Puck is out of play.
0:57 of 3rd period - Adam Henrique wins face-off versus Alexander Kerfoot in Capitals zone.
1:24 of 3rd period - Snap shot by Nikolaj Ehlers.
1:24 of 3rd period - Stopped by Cory Schneider with a rebound.
2:22 of 3rd period - Penalty to Joe Colborne is over, Joe Colborne is back on ice.
3:36 of 3rd period - Icing by Filip Forsberg.
3:37 of 3rd period - Alexander Kerfoot wins face-off versus Cody Hodgson in Blues zone.
3:50 of 3rd period - Wrist shot by Cody Hodgson.
3:50 of 3rd period - Stopped by Jake Oettinger with a rebound.
3:52 of 3rd period - Snap shot by Shea Theodore.
3:52 of 3rd period - Shot Blocked by Josh Morrissey.
4:32 of 3rd period - Snap shot by Jujhar Khaira.
4:32 of 3rd period - Shot Blocked by Brandon Gormley.
4:44 of 3rd period - Pierre Engvall is hit by Nicolas Aube-Kubel and loses puck.
5:43 of 3rd period - Alexei Marchenko is hit by Alexander Kerfoot and loses puck.
6:03 of 3rd period - Slapshot by Cody Ceci.
6:03 of 3rd period - Deflect By Jujhar Khaira.
6:03 of 3rd period - Stopped by Cory Schneider with a rebound.
6:05 of 3rd period - Wrist shot by Jujhar Khaira.
6:05 of 3rd period - Shot Blocked by Alexei Marchenko.
6:41 of 3rd period - Snap shot by Cal Clutterbuck.
6:41 of 3rd period - Shot Misses the Net.
6:43 of 3rd period - Snap shot by Marko Dano.
6:43 of 3rd period - Stopped by Jake Oettinger without a rebound.
6:44 of 3rd period - Joe Colborne wins face-off versus Tyler Toffoli in Blues zone.
6:55 of 3rd period - Wrist shot by Joe Colborne.
6:55 of 3rd period - Stopped by Jake Oettinger with a rebound.
7:11 of 3rd period - Marko Dano is hit by Nikolaj Ehlers and loses puck.
7:32 of 3rd period - Blake Pietila is hit by Seth Jones and loses puck.
8:22 of 3rd period - Wrist shot by Rourke Chartier.
8:22 of 3rd period - Shot Misses the Net.
8:43 of 3rd period - Snap shot by Taylor Hall.
8:43 of 3rd period - Shot Misses the Net.
8:45 of 3rd period - Backhand shot by Shea Theodore.
8:45 of 3rd period - Stopped by Jake Oettinger with a rebound.
9:21 of 3rd period - Off-side.
9:22 of 3rd period - Alexander Kerfoot wins face-off versus Sergey Kalinin in neutral zone.
9:43 of 3rd period - Snap shot by Bobby Ryan.
9:43 of 3rd period - Shot Misses the Net.
10:42 of 3rd period - Slapshot by Petter Granberg.
10:42 of 3rd period - Deflect By Alexander Kerfoot.
10:42 of 3rd period - Stopped by Jake Oettinger with a rebound.
10:44 of 3rd period - Slapshot by Petter Granberg.
10:44 of 3rd period - Shot Misses the Net.
10:46 of 3rd period - Wrist shot by Sergey Kalinin.
10:46 of 3rd period - Goal by Sergey Kalinin - Blues : 3 - Capitals : 2.
10:47 of 3rd period - Tyler Toffoli wins face-off versus Joe Colborne in neutral zone.
11:14 of 3rd period - Henri Jokiharju is hit by Cal Clutterbuck and loses puck.
11:35 of 3rd period - Slapshot by Zach Bogosian.
11:35 of 3rd period - Deflect By Cody Hodgson.
11:35 of 3rd period - Stopped by Jake Oettinger with a rebound.
11:37 of 3rd period - Slapshot by Shea Theodore.
11:37 of 3rd period - Shot Misses the Net.
11:41 of 3rd period - Slapshot by Cody Hodgson.
11:41 of 3rd period - Shot Misses the Net.
11:45 of 3rd period - Snap shot by Blake Pietila.
11:45 of 3rd period - Deflect By Ethan Bear.
11:45 of 3rd period - Shot Misses the Net.
11:45 of 3rd period - Puck is out of play.
11:46 of 3rd period - Joe Colborne wins face-off versus Tyler Toffoli in Blues zone.
11:53 of 3rd period - Wrist shot by Taylor Hall.
11:53 of 3rd period - Stopped by Jake Oettinger without a rebound.
11:54 of 3rd period - Tyler Toffoli wins face-off versus Joe Colborne in Blues zone.
12:01 of 3rd period - Slapshot by Tyler Toffoli.
12:01 of 3rd period - Shot Misses the Net.
12:06 of 3rd period - Off-side.
12:07 of 3rd period - Joe Colborne wins face-off versus Alexander Kerfoot in neutral zone.
13:15 of 3rd period - Icing by Jordan Kyrou.
13:16 of 3rd period - Sergey Kalinin wins face-off versus Tyler Toffoli in Blues zone.
14:33 of 3rd period - Wrist shot by Cody Ceci.
14:33 of 3rd period - Stopped by Cory Schneider without a rebound.
14:34 of 3rd period - Alexander Kerfoot wins face-off versus Adam Henrique in Capitals zone.
14:39 of 3rd period - Snap shot by Filip Forsberg.
14:39 of 3rd period - Stopped by Cory Schneider without a rebound.
14:40 of 3rd period - Alexander Kerfoot wins face-off versus Adam Henrique in Capitals zone.
15:01 of 3rd period - Marko Dano is hit by Seth Jones and loses puck.
15:24 of 3rd period - Slapshot by Filip Forsberg.
15:24 of 3rd period - Stopped by Cory Schneider without a rebound.
15:25 of 3rd period - Vincent Trocheck wins face-off versus Cody Hodgson in Capitals zone.
15:26 of 3rd period - Slapshot by Joachim Blichfeld.
15:26 of 3rd period - Shot Misses the Net.
15:28 of 3rd period - Snap shot by Vincent Trocheck.
15:28 of 3rd period - Stopped by Cory Schneider with a rebound.
16:56 of 3rd period - Wrist shot by Tyler Toffoli.
16:56 of 3rd period - Stopped by Cory Schneider with a rebound.
16:58 of 3rd period - Wrist shot by Tyler Toffoli.
16:58 of 3rd period - Stopped by Cory Schneider with a rebound.
17:00 of 3rd period - Slapshot by Cody Ceci.
17:00 of 3rd period - Deflect By Jordan Kyrou.
17:00 of 3rd period - Shot Misses the Net.
17:00 of 3rd period - Puck is out of play.
17:01 of 3rd period - Cody Hodgson wins face-off versus Vincent Trocheck in Capitals zone.
17:24 of 3rd period - Jujhar Khaira is hit by Cody Hodgson and loses puck.
17:47 of 3rd period - Jujhar Khaira is hit by Brandon Gormley and loses puck.
18:37 of 3rd period - Capitals, Cory Schneider is pulled from the net.
19:24 of 3rd period - Snap shot by Blake Pietila.
19:24 of 3rd period - Stopped by Jake Oettinger without a rebound.
19:25 of 3rd period - Jacques Lemaire call a timeout for Capitals.
19:25 of 3rd period - Tyler Toffoli wins face-off versus Joe Colborne in Blues zone.
19:32 of 3rd period - Snap shot by Joe Colborne.
19:32 of 3rd period - Stopped by Jake Oettinger without a rebound.
19:33 of 3rd period - Tyler Toffoli wins face-off versus Joe Colborne in Blues zone.
19:42 of 3rd period - Wrist shot by Joe Colborne.
19:42 of 3rd period - Stopped by Jake Oettinger without a rebound.
19:43 of 3rd period - Joe Colborne wins face-off versus Tyler Toffoli in Blues zone.
Goals for this period are 0 for Blues vs 1 for Capitals.
Shots for this period are 9 for Blues vs 11 for Capitals.